 Dungeon Crawl Stone Soup version 0.29.0-4-gdea44cf6ec (webtiles) character file.

Game seed: 4178209104604315389

84 112233 the Digger (level 4, 0/27 HPs)
             Began as an Octopode Earth Elementalist on Aug 27, 2022.
             Slain by an iguana (13 damage)
             ... on level 3 of the Dungeon.
             The game lasted 00:01:43 (2665 turns).

112233 the Digger (Octopode Earth Elementalist)     Turns: 2665, Time: 00:01:43

Health: 0/27       AC:  1    Str:  7    XL:     4   Next: 46%
Magic:  6/8        EV: 13    Int: 19    God:
Gold:   151        SH:  0    Dex: 12    Spells: 7/8 levels left

rFire   + . .      SeeInvis +   b - +0 dagger
rCold   . . .      Faith    .   (no shield)
rNeg    . . .      Spirit   .   (helmet restricted)
rPois   .          Reflect  .   (no amulet)
rElec   .          Harm     .   e - ring of see invisible
rCorr   .          Rampage  .   g - ring of protection from fire
Will    .....                   (no ring)
Stlth   +++.......              (no ring)
HPRegen 0.09/turn               (no ring)
MPRegen 0.11/turn               (no ring)
                                (no ring)
                                (no ring)

@: no status effects
A: almost no armour, amphibious, 8 rings, camouflage 1, gelatinous body 1,
(nimble swimmer 1), tentacles
a: no special abilities


You were on level 3 of the Dungeon.
You visited 1 branch of the dungeon, and saw 3 of its levels.

You collected 151 gold pieces.

Inventory:

Hand Weapons
 b - a +0 dagger (weapon)
Jewellery
 e - a ring of see invisible (left tentacle)
 g - a ring of protection from fire (right tentacle)
Scrolls
 c - 2 scrolls of brand weapon {unknown}
 d - 2 scrolls of fog {unknown}
 f - a scroll of enchant weapon {unknown}
 h - a scroll of magic mapping {unknown}
 i - a scroll of enchant armour {unknown}
 k - 2 scrolls of teleportation {unknown}
 l - 2 scrolls of identify {unknown}
 m - a scroll of noise {unknown}
 r - a scroll of vulnerability {unknown}
Potions
 a - a potion of magic
 j - a potion of haste {unknown}
 n - a potion of curing {unknown}
 o - a potion of berserk rage {unknown}
 p - a potion of ambrosia {unknown}
 q - a potion of flight {unknown}


   Skills:
 - Level 2.0 Dodging
 - Level 2.7 Stealth
 + Level 2.8 Spellcasting
 - Level 1.0 Transmutations
 * Level 4.5 Earth Magic


You had 7 spell levels left.
You knew the following spells:

 Your Spells              Type           Power      Damage    Failure   Level
a - Sandblast             Erth           38%        2d10      2%          1

Your spell library contained the following spells:

 Spells                   Type           Power      Damage    Failure   Level
 Passwall                 Tmut/Erth      10%        N/A       8%          2
 Stone Arrow              Conj/Erth      22%        3d8       19%         3
 Petrify                  Tmut/Erth      13%        N/A       43%         4


Dungeon Overview and Level Annotations

Branches:
Dungeon (3/15)

Altars:

Shops:
D:2 [


Innate Abilities, Weirdness & Mutations

You cannot wear most types of armour.
You are amphibious.
You can wear up to eight rings at the same time.
Your skin changes colour to match your surroundings (Stealth+).
Your rubbery body absorbs attacks. (AC +1, EV +1)
((You are camouflaged when in or above water. (Stealth+)))
You have tentacles for arms and can constrict up to eight enemies at once.


Message History

The blast of sand hits the bat!
You kill the bat!
The kobold shouts!
The kobold throws a poisoned dart.
The poisoned dart closely misses you.
The kobold throws a poisoned dart.
The poisoned dart completely misses you.
Casting: Sandblast (safe; 2% risk of failure)
Confirm with . or Enter, or press ? or * to list all spells.
Aiming: Sandblast (safe; 2% risk of failure)
Press: ? - help, Shift-Dir - straight line, f - kobold
Aim: a kobold, wielding a +0 whip and quivering poisoned darts (77% to hit)
The blast of sand hits the kobold!
You kill the kobold!
Casting: Sandblast (safe; 2% risk of failure)
Confirm with . or Enter, or press ? or * to list all spells.
You can't see any susceptible monsters within range! (Use Z to cast anyway.)
You see here 8 stones.
Things that are here:
a +0 whip; 3 poisoned darts You see here 8 stones.
r - a scroll labelled QUVOBU HEME An iguana comes into view.
Found a stone staircase leading down.
The iguana moves out of view.
Casting: Sandblast (safe; 2% risk of failure)
Confirm with . or Enter, or press ? or * to list all spells.
Aiming: Sandblast (safe; 2% risk of failure)
Press: ? - help, Shift-Dir - straight line, f - iguana
Aim: an iguana (wandering, hasn't noticed you, 84% to hit)
The blast of sand hits the iguana.
The iguana is moderately wounded.
The iguana hisses angrily.
The iguana misses you. The iguana bites you!
Ouch! That really hurt!
Casting: Sandblast (safe; 2% risk of failure)
Confirm with . or Enter, or press ? or * to list all spells.
Aiming: Sandblast (safe; 2% risk of failure)
Press: ? - help, Shift-Dir - straight line, f/p - iguana
Aim: an iguana (moderately wounded, 84% to hit)
The blast of sand misses the iguana.
The iguana bites you!
You die...

..###..........# ..
#.#.#####..# .. .....#
#..# .###.#.# #..#
......# #..#
###...#.#####..#
.....#........#
.###.#l#.#........#####
.......@.#.#..........#
...#...#..............#
.......#..............#
..>..###.........†....#
.#... #..............#
#.# #..............# #.
#..............# #
#.......(......#
..........).....#


You could see an iguana.

Vanquished Creatures
  2 adders (D:2)
  3 worms (D:2)
  6 ball pythons
  6 endoplasms
  2 giant cockroaches
  5 goblins (D:1)
  6 hobgoblins
  2 jackals (D:1)
  7 kobolds
  3 quokkas
  4 bats
  4 frilled lizards
  7 rats
57 creatures vanquished.

Notes
Turn   | Place    | Note
-------+----------+-------------------------------------------
     0 | D:1      | 112233 the Octopode Earth Elementalist began the quest for
                  | the Orb.
     0 | D:1      | Reached XP level 1. HP: 11/11 MP: 3/3
   238 | D:1      | Reached XP level 2. HP: 17/17 MP: 1/5
  1093 | D:1      | Reached XP level 3. HP: 21/21 MP: 4/6
  1268 | D:1      | You fall into a shaft and drop 1 floor!
  1293 | D:2      | Reached skill level 4 in Earth Magic
  1429 | D:1      | Found a faded altar of an unknown god.
  1982 | D:2      | Reached XP level 4. HP: 24/27 MP: 3/8
  2033 | D:2      | Found Qoniul's Antique Armour Shoppe.
  2665 | D:3      | Slain by an iguana

Illustrated notes

Levels and vault maps discovered:
D:1:      tarquinn_simple_flora_water_f, layout_loops_cross,
          hellmonk_ecumenical_altar_crossroads
D:2:      layout_rooms, serial_shops, shop
D:3:      layout_basic, uniq_crazy_yiuf_cottage, uniq_sigmund

Skill      XL: |  1  2  3 |
---------------+----------+-----
Earth Magic    | 4 |  4.5
Dodging        | |  2.0
Stealth        | |  2.7
Spellcasting   | |  2.8
Transmutations | |  1.0

Action                   |  1- 3 |  4- 6 || total
-------------------------+-------+-------++-------
Melee: Dagger            |     5 |     1 ||     6
       Constrict         |     2 |     1 ||     3
       Tentacles         |     1 |       ||     1
 Cast: Sandblast         |    57 |    25 ||    82
Armor: Skin              |     2 |     2 ||     4
Dodge: Dodged            |    14 |     5 ||    19
